 Dungeon Crawl Stone Soup version 0.17-a0-1882-g750edc8 (webtiles) character file.

1955 Lysie the Cleaver (level 9, -6/70 HPs)
             Began as a Hill Orc Fighter on Sept 22, 2015.
             Was a Follower of Okawaru.
             Shot with a sling bullet by Joseph (18 damage)
             ... on level 7 of the Dungeon.
             The game lasted 00:20:09 (6929 turns).

Lysie the Cleaver (Hill Orc Fighter)                Turns: 6929, Time: 00:20:09

Health: -6/70      AC:  8    Str: 22    XL:     9   Next: 19%
Magic:  0/9        EV:  8    Int:  8    God:    Okawaru [*.....]
Gold:   349        SH: 10    Dex: 10    Spells: 0 memorised, 8 levels left

rFire  . . .     SeeInvis .     a - +0 war axe
rCold  . . .     Clarity  .     b - +0 scale mail
rNeg   + . .     SustAt   .     c - +0 shield
rPois  .         Gourm    .     (no helmet)
rElec  .         Spirit   +     (no cloak)
rCorr  .         Warding  .     (no gloves)
rMut   .         Stasis   .     (no boots)
MR     .....                    G - amulet of guardian spirit
Stlth  ..........               (no ring)
                                r - ring of positive energy

@: not resistant to hostile enchantments, extremely unstealthy
A: no striking features
a: Heroism, Renounce Religion


You were on level 7 of the Dungeon.
You worshipped Okawaru.
Okawaru was aware of your devotion.
You were not hungry.

You visited 2 branches of the dungeon, and saw 8 of its levels.
You also visited: Sewer.

You collected 349 gold pieces.

Inventory:

Hand weapons
 a - a +0 war axe (weapon)
Missiles
 A - 7 tomahawks (quivered)
Armour
 b - a +0 scale mail (worn)
 c - a +0 shield (worn)
 o - the +2 robe of Lyodats {+Inv Int+5}
   (You found it on level 4 of the Dungeon)

   It affects your intelligence (+5).
   It lets you turn invisible.
Jewellery
 r - a ring of positive energy (left hand)
 G - an amulet of guardian spirit (around neck)
Magical devices
 u - a wand of slowing (23)
 C - a wand of enslavement (6)
Scrolls
 f - 2 scrolls of fear {unknown}
 g - a scroll of noise {unknown}
 j - a scroll of remove curse
 m - 6 scrolls of teleportation
 v - a scroll of blinking {unknown}
 x - a scroll of recharging {unknown}
 y - 2 scrolls of magic mapping {unknown}
 z - a scroll of amnesia
 B - a scroll of identify
Potions
 d - 2 potions of resistance
 e - 3 potions of haste
 h - 2 potions of curing {unknown}
 i - 2 potions of lignification {unknown}
 k - 2 potions of invisibility {unknown}
 l - a potion of cure mutation {unknown}
 n - 6 potions of flight
 p - a potion of mutation {unknown}
 t - a potion of poison {unknown}
 w - 3 potions of heal wounds
 D - a potion of brilliance {unknown}
 E - a potion of magic {unknown}
 F - 3 potions of might
Comestibles
 q - 3 meat rations
 s - 3 bread rations


   Skills:
 - Level 3.6 Fighting
 * Level 10.7 Axes
 + Level 7.6 Armour
 + Level 7.0 Shields


You had 8 spell levels left.
You didn't know any spells.

Dungeon Overview and Level Annotations

Branches:
Dungeon (7/15)             Temple (1/1) D:5

Altars:
Ashenzari
Cheibriados
Dithmenos
Elyvilon
Fedhas
Makhleb
Nemelex Xobeh
Okawaru
Qazlal
Ru
Sif Muna
Trog
Vehumet
Yredelemnul
Zin

Shops:
D:6 (   D:7 :

Annotations:
D:7 Joseph


Message History

You don't have enough magic at the moment.
Joseph shoots a sling bullet.
The sling bullet hits you!
You see here a sling bullet.
A killer bee comes into view.
Joseph shoots a sling bullet.
The sling bullet closely misses you.
You see here a sling bullet.
Joseph says, "It's nothing personal, but I have to kill you."
Joseph shoots a sling bullet.
The sling bullet hits you but does no damage.
You see here a sling bullet.
Joseph shoots a sling bullet.
You block the sling bullet.
You see here a sling bullet.
Joseph shoots a sling bullet.
The sling bullet hits you!!
* * * LOW HITPOINT WARNING * * *
You see here a sling bullet.
Joseph shoots a sling bullet.
The sling bullet hits you!
* * * LOW HITPOINT WARNING * * *
You see here a sling bullet.
Joseph shoots a sling bullet.
The sling bullet hits you!!
You die...

.#.........##...#.#
.....#.#.####....#.######
.....>....................
##.##.............#.##.###
#. #....†#.##....#.##.# .
#.......#.....#.##.#
.##...#.#.#..........###
............†...........
##.....@((....(.(.(#..#.
##...###...##..#..#..#.
#...###.....@.#(.#....
#.........###.........
#.#.###...#....(......
#.#.###...###@#.##....
#.........# #(........
###.####..# #...#.....
#..###..# #...#.#.#.


You could see Joseph.

Vanquished Creatures
  The ghost of LordVetinari the Destroyer, an experienced DrWz of Vehumet (D:6)
  Menkaure (D:5)
  The ghost of Gaunah the Grave Robber, an average DENe (D:5)
  Purgy (Sewer)
  An ogre (D:5)
  A phantom (D:5)
  A centaur (D:5)
  A crocodile (D:4)
  3 giant frogs
  A scorpion (D:4)
  A giant frog zombie (D:7)
  3 crimson imps
  A centaur skeleton (D:5)
  An orc priest (D:6)
  2 orc wizards
  An iguana (D:5)
  Jessica (D:3)
  2 hounds
  2 worker ants
  Robin (D:3)
  11 adders
  11 gnolls
  5 oozes
  An adder zombie (D:7)
  2 adder skeletons
  A worm (D:2)
  7 giant geckos
  5 orcs
  10 giant cockroaches
  15 goblins
  12 hobgoblins
  18 jackals
  10 kobolds
  4 quokkas
  3 ball pythons (Sewer)
  7 bats
  13 giant newts
  A jackal skeleton (D:4)
  10 rats
173 creatures vanquished.

Notes
Turn   | Place    | Note
--------------------------------------------------------------
     0 | D:1      | Lysie the Hill Orc Fighter began the quest for the Orb.
     0 | D:1      | Reached XP level 1. HP: 19/19 MP: 1/1
    40 | D:1      | Reached XP level 2. HP: 23/26 MP: 2/2
   104 | D:1      | Reached XP level 3. HP: 20/31 MP: 3/3
   326 | D:1      | Reached skill level 4 in Armour
   845 | D:1      | Reached XP level 4. HP: 28/39 MP: 4/4
  1537 | D:2      | Reached XP level 5. HP: 30/45 MP: 5/5
  2021 | D:3      | Found a sparkling altar of Nemelex Xobeh.
  2284 | D:3      | Noticed Robin
  2295 | D:3      | Killed Robin
  2295 | D:3      | Reached skill level 5 in Axes
  2347 | D:3      | Noticed Jessica
  2373 | D:3      | Killed Jessica
  2404 | D:3      | Found a shadowy altar of Dithmenos.
  2410 | D:3      | Reached XP level 6. HP: 32/51 MP: 6/6
  2789 | D:4      | Got a sheer robe
  2790 | D:4      | Identified the +2 robe of Lyodats {+Inv Int+5} (You found it on level 4 of the Dungeon)
  2871 | D:4      | Found a shattered altar of Ashenzari.
  2879 | D:4      | Found a glowing drain.
  2905 | D:4      | Reached skill level 6 in Axes
  2905 | D:4      | Reached skill level 5 in Shields
  2962 | Sewer    | Entered a sewer
  3024 | Sewer    | Noticed Purgy
  3048 | Sewer    | Killed Purgy
  3048 | Sewer    | Reached skill level 5 in Armour
  3048 | Sewer    | Reached XP level 7. HP: 12/57 MP: 7/7
  3530 | D:4      | Reached skill level 7 in Axes
  3939 | D:5      | Entered Level 5 of the Dungeon
  4057 | D:5      | Found a staircase to the Ecumenical Temple.
  4102 | Temple   | Entered the Ecumenical Temple
  4173 | Temple   | Became a worshipper of Warmaster Okawaru
  4374 | D:5      | Reached skill level 8 in Axes
  4374 | D:5      | Reached XP level 8. HP: 35/64 MP: 8/8
  4570 | D:5      | Noticed Gaunah's ghost (average DENe)
  4580 | D:5      | Killed Gaunah's ghost
  4588 | D:5      | Noticed Menkaure
  4603 | D:5      | Killed Menkaure
  4852 | D:5      | Acquired Okawaru's first power
  4941 | D:5      | Reached skill level 9 in Axes
  6068 | D:6      | Found Lyrchaf's Antique Weapon Shoppe.
  6085 | D:6      | Noticed LordVetinari's ghost (experienced DrWz)
  6121 | D:6      | Killed LordVetinari's ghost
  6121 | D:6      | Reached skill level 10 in Axes
  6262 | D:6      | Reached XP level 9. HP: 48/70 MP: 9/9
  6735 | D:7      | Found Pifuobbisupo's Book Shoppe.
  6909 | D:7      | Noticed Joseph
  6929 | D:7      | Shot with a sling bullet by Joseph

Vault maps used:
D:1:      erik_arrival_gehennom
D:2:      hangedman_feature_mirror
D:3:      nicolae_dithmenos_through_a_glass_darkly, nemelex_deck, first_bread,
          uniq_robin, uniq_jessica
D:4:      cheibrodos_ashenzari_chains, portal_sewer_entry_b
D:5:      minmay_temple_entry_crystal_x, uniq_menkaure
D:6:      serial_shops, nicolae_shop_waterfront, minmay_parallelograms,
          mrwooster_statue_mirror
D:7:      kennysheep_steamy, lemuel_coloured_pillars_altar, serial_shops, shop,
          serial_glass, glass_columns_b, glass_columns_a, glass_columns_c,
          glass_columns_a, grunt_ogre_cave, uniq_joseph, uniq_crazy_yiuf_cottage
Temple:   dpeg_five_rooms_temple_12
Sewer:    sewer_co_purgy_island

Action                   |  1- 3 |  4- 6 |  7- 9 || total
-------------------------+-------+-------+-------++-------
Melee: War axe           |   105 |   285 |   297 ||   687
Invok: Heroism           |       |       |     3 ||     3
  Use: Scroll            |       |     4 |     2 ||     6
       Potion            |       |     3 |     4 ||     7
  Eat: Bread ration      |       |     1 |       ||     1
       Pizza             |       |     1 |     1 ||     2
       Beef jerky        |       |     1 |     2 ||     3
       Meat ration       |       |       |     2 ||     2
